TOP OF THE 1ST |
Minnesota Twins batting - Pitching for Detroit Tigers : RHP Constantino Chamisso
|
Pitching: RHP Constantino Chamisso
|
|
Batting: LHB Peer Derks
|
0-0: Ball 1-0: Swinging Strike 1-1: Foul Ball, location: 2F 1-2: Ball 2-2: Strikes out swinging
|
Batting: RHB Jesse Scott
|
0-0: Ball 1-0: Foul Ball, location: 2F 1-1: SINGLE (Line Drive, 8LS, EV 93.8 MPH)
|
Batting: LHB Joel Kunkler
|
0-0: Called Strike 0-1: Fly out, F8 (Line Drive, 8RM, EV 86.3 MPH)
|
Batting: RHB Jesus Chavez
|
0-0: Ball 1-0: Ball 2-0: Ball 3-0: Base on Balls Jesse Scott to second
|
Batting: RHB Hildo Pot
|
0-0: Ball 1-0: Ball 2-0: Foul Ball, location: 2F 2-1: Reached on error, E1 (Groundball, 13, EV 68.8 MPH) Jesse Scott to third Jesus Chavez to second
|
Batting: RHB Matthew Starr
|
0-0: Called Strike 0-1: Ball 1-1: Foul Ball, location: 2F 1-2: Strikes out swinging
|
Top of the 1st over - 0 runs, 1 hit, 1 error, 3 left on base; Minnesota 0 - Detroit 0 |
BOTTOM OF THE 1ST |
Detroit Tigers batting - Pitching for Minnesota Twins : LHP Brett Grijalva
|
Pitching: LHP Brett Grijalva
|
|
Batting: RHB Greg Harman
|
0-0: Ball 1-0: Swinging Strike 1-1: Ball 2-1: Fly out, F6 (Popup, 6M, EV 74.4 MPH)
|
Batting: LHB Morgan Black
|
0-0: Fly out, F6 (Popup, 6, EV 55.0 MPH)
|
Batting: RHB Randy Shrewsbury
|
0-0: Ball 1-0: Ball 2-0: Foul Ball, location: 2F 2-1: Foul Ball, location: 2F 2-2: TRIPLE (Groundball, 5L, EV 107.5 MPH)
|
Batting: LHB Tyler Davis
|
0-0: Ball 1-0: Swinging Strike 1-1: Ball 2-1: Ball 3-1: Called Strike 3-2: Foul Ball, location: 2F 3-2: Foul Ball, location: 2F 3-2: SINGLE (Line Drive, 6MD, EV 96.3 MPH) Randy Shrewsbury scores
|
Batting: RHB Victor Quinones
|
0-0: Ball 1-0: Fly out, F8 (Line Drive, 8LD, EV 89.4 MPH)
|
Bottom of the 1st over - 1 run, 2 hits, 0 errors, 1 left on base; Minnesota 0 - Detroit 1 |
TOP OF THE 2ND |
Minnesota Twins batting - Pitching for Detroit Tigers : RHP Constantino Chamisso
|
Batting: RHB José Molina
|
0-0: Foul Ball, location: 2F 0-1: Called Strike 0-2: Fly out, F8 (Flyball, 8RXD, EV 88.8 MPH)
|
Batting: RHB Väinö Tapaninen
|
0-0: Ball 1-0: Fly out, F8 (Flyball, 8RD, EV 110.6 MPH)
|
Batting: RHB Yonetoshi Muranaka
|
0-0: Called Strike 0-1: Called Strike 0-2: Foul Ball, location: 2F 0-2: Strikes out swinging
|
Top of the 2nd over - 0 runs, 0 hits, 0 errors, 0 left on base; Minnesota 0 - Detroit 1 |
BOTTOM OF THE 2ND |
Detroit Tigers batting - Pitching for Minnesota Twins : LHP Brett Grijalva
|
Batting: RHB Luke Feeney
|
0-0: Ball 1-0: SINGLE (Line Drive, 89M, EV 101.9 MPH)
|
Batting: RHB Adrian Novakovic
|
0-0: Ball 1-0: Sac Bunt to 3S - play at first, batter OUT! 3-1 Luke Feeney to second
|
Batting: RHB Danny Eberhart
|
0-0: Called Strike Luke Feeney steals 3rd base 0-1: Ball 1-1: Ball 2-1: Ball 3-1: Base on Balls
|
Batting: LHB Emmanuel Gaskin
|
0-0: Ball 1-0: Ball Danny Eberhart steals 2nd base 2-0: Ground out 6-3 (Groundball, 6S, EV 88.8 MPH) Luke Feeney scores Danny Eberhart to third
|
Batting: RHB Greg Harman
|
0-0: Ball 1-0: Foul Ball, location: 2F 1-1: Foul Ball, location: 2F 1-2: Ball 2-2: Ball 3-2: Ground out 6-3 (Groundball, 56, EV 81.3 MPH)
|
Bottom of the 2nd over - 1 run, 1 hit, 0 errors, 1 left on base; Minnesota 0 - Detroit 2 |
TOP OF THE 3RD |
Minnesota Twins batting - Pitching for Detroit Tigers : RHP Constantino Chamisso
|
Batting: LHB Peer Derks
|
0-0: Foul Ball, location: 2F 0-1: Foul Ball, location: 2F 0-2: Ball 1-2: Fly out, F7 (Flyball, 7, EV 76.3 MPH)
|
Batting: RHB Jesse Scott
|
0-0: Called Strike 0-1: Ball 1-1: Called Strike 1-2: Strikes out looking
|
Batting: LHB Joel Kunkler
|
0-0: Called Strike 0-1: Fly out, F6 (Line Drive, 6, EV 72.5 MPH)
|
Top of the 3rd over - 0 runs, 0 hits, 0 errors, 0 left on base; Minnesota 0 - Detroit 2 |
BOTTOM OF THE 3RD |
Detroit Tigers batting - Pitching for Minnesota Twins : LHP Brett Grijalva
|
Batting: LHB Morgan Black
|
0-0: Ball 1-0: Ball 2-0: Swinging Strike 2-1: Ground out 4-3 (Groundball, 4, EV 99.4 MPH)
|
Batting: RHB Randy Shrewsbury
|
0-0: Called Strike 0-1: DOUBLE (Line Drive, 9LD, EV 111.3 MPH)
|
Batting: LHB Tyler Davis
|
0-0: Ball 1-0: Foul Ball, location: 2F 1-1: Foul Ball, location: 2F 1-2: Foul Ball, location: 2F 1-2: Ball 2-2: Ball 3-2: Foul Ball, location: 2F 3-2: Foul Ball, location: 2F 3-2: Foul Ball, location: 2F 3-2: Ground out 4-3 (Groundball, 34, EV 88.8 MPH) Randy Shrewsbury to third
|
Batting: RHB Victor Quinones
|
0-0: Ball 1-0: Ball 2-0: Foul Ball, location: 2F 2-1: DOUBLE (Line Drive, 9D, EV 108.8 MPH) Randy Shrewsbury scores
|
Batting: RHB Luke Feeney
|
0-0: Ground out 3-1 (Groundball, 34, EV 83.8 MPH)
|
Bottom of the 3rd over - 1 run, 2 hits, 0 errors, 1 left on base; Minnesota 0 - Detroit 3 |
TOP OF THE 4TH |
Minnesota Twins batting - Pitching for Detroit Tigers : RHP Constantino Chamisso
|
Batting: RHB Jesus Chavez
|
0-0: Called Strike 0-1: Ball 1-1: Foul Ball, location: 2F 1-2: Ball 2-2: Ball 3-2: Ground out 5-3 (Groundball, 56, EV 82.5 MPH)
|
Batting: RHB Hildo Pot
|
0-0: Called Strike 0-1: SINGLE (Line Drive, 34D, EV 94.4 MPH)
|
Batting: RHB Matthew Starr
|
0-0: Ball 1-0: Ball 2-0: Foul Ball, location: 2F 2-1: Foul Ball, location: 2F 2-2: Ball 3-2: Foul Ball, location: 2F 3-2: Strikes out swinging Hildo Pot steals 2nd base Batter strikes out.
|
Batting: RHB José Molina
|
0-0: Ball 1-0: Ball 2-0: Called Strike 2-1: Swinging Strike 2-2: Hit by Pitch
|
Batting: RHB Väinö Tapaninen
|
0-0: Foul Ball, location: 2F 0-1: Called Strike 0-2: Ball 1-2: Foul Ball, location: 2F 1-2: Ball 2-2: Strikes out swinging
|
Top of the 4th over - 0 runs, 1 hit, 0 errors, 2 left on base; Minnesota 0 - Detroit 3 |
BOTTOM OF THE 4TH |
Detroit Tigers batting - Pitching for Minnesota Twins : LHP Brett Grijalva
|
Batting: RHB Adrian Novakovic
|
0-0: Called Strike 0-1: Ball 1-1: Foul Ball, location: 2F 1-2: Ball 2-2: Strikes out swinging
|
Batting: RHB Danny Eberhart
|
0-0: Called Strike 0-1: Ball 1-1: Swinging Strike 1-2: Ball 2-2: Foul Ball, location: 2F 2-2: Foul Ball, location: 2F 2-2: Foul Ball, location: 2F 2-2: Ball 3-2: Strikes out swinging
|
Batting: LHB Emmanuel Gaskin
|
0-0: Ball 1-0: Foul Ball, location: 2F 1-1: Fly out, F8 (Flyball, 8LD, EV 98.8 MPH)
|
Bottom of the 4th over - 0 runs, 0 hits, 0 errors, 0 left on base; Minnesota 0 - Detroit 3 |
TOP OF THE 5TH |
Minnesota Twins batting - Pitching for Detroit Tigers : RHP Constantino Chamisso
|
Batting: RHB Yonetoshi Muranaka
|
0-0: Called Strike 0-1: Swinging Strike 0-2: Ball 1-2: Fly out, F9 (Line Drive, 9S, EV 106.3 MPH)
|
Batting: LHB Peer Derks
|
0-0: Ball 1-0: Ball 2-0: Foul Ball, location: 2F 2-1: Fly out, F8 (Flyball, 8LD, EV 102.5 MPH)
|
Batting: RHB Jesse Scott
|
0-0: Ball 1-0: Foul Ball, location: 2F 1-1: Foul Ball, location: 2F 1-2: Foul Ball, location: 2F 1-2: Strikes out swinging
|
Top of the 5th over - 0 runs, 0 hits, 0 errors, 0 left on base; Minnesota 0 - Detroit 3 |
BOTTOM OF THE 5TH |
Detroit Tigers batting - Pitching for Minnesota Twins : LHP Brett Grijalva
|
Batting: RHB Greg Harman
|
0-0: Ball 1-0: Foul Ball, location: 2F 1-1: Ball 2-1: Foul Ball, location: 2F 2-2: Ball 3-2: Foul Ball, location: 2F 3-2: SINGLE (Line Drive, 56D, EV 110.0 MPH)
|
Batting: LHB Morgan Black
|
0-0: Grounds into double play, 6-4-3 (Groundball, 6, EV 106.9 MPH)
|
Batting: RHB Randy Shrewsbury
|
0-0: Ball 1-0: Ball 2-0: Ball 3-0: Base on Balls
|
Batting: LHB Tyler Davis
|
0-0: Called Strike 0-1: Ball 1-1: Ball 2-1: DOUBLE (Line Drive, 89XD, EV 104.4 MPH) Randy Shrewsbury to third Runner from 3rd tries for Home, SAFE, throw by RF to home
|
Batting: RHB Victor Quinones
|
0-0: Called Strike 0-1: Swinging Strike 0-2: 2-RUN HOME RUN (Flyball, 9LD, EV 91.9 MPH), Distance : 348 ft
|
Pitching: RHP Steffen Joseph
|
|
Batting: RHB Luke Feeney
|
0-0: Called Strike 0-1: Swinging Strike 0-2: Ball 1-2: SINGLE (Line Drive, 6MD, EV 99.4 MPH)
|
Batting: RHB Adrian Novakovic
|
0-0: Fly out, F8 (Flyball, 8RM, EV 83.8 MPH)
|
Bottom of the 5th over - 3 runs, 4 hits, 0 errors, 1 left on base; Minnesota 0 - Detroit 6 |
TOP OF THE 6TH |
Minnesota Twins batting - Pitching for Detroit Tigers : RHP Constantino Chamisso
|
Batting: LHB Joel Kunkler
|
0-0: Ball 1-0: Ball 2-0: Foul Ball, location: 2F 2-1: Swinging Strike 2-2: DOUBLE (Groundball, 3L, EV 104.4 MPH)
|
Batting: RHB Jesus Chavez
|
0-0: Swinging Strike 0-1: Fly out, F8 (Flyball, 8RD, EV 88.8 MPH) Runner from 2nd tags up, OUT at 3rd! 8-5
|
Batting: RHB Hildo Pot
|
0-0: Ball 1-0: Called Strike 1-1: Ball 2-1: Called Strike 2-2: Foul Ball, location: 2F 2-2: Foul Ball, location: 2F 2-2: Foul Ball, location: 2F 2-2: Ground out 6-3 (Groundball, 6, EV 80.6 MPH)
|
Top of the 6th over - 0 runs, 1 hit, 0 errors, 0 left on base; Minnesota 0 - Detroit 6 |
BOTTOM OF THE 6TH |
Detroit Tigers batting - Pitching for Minnesota Twins : RHP Steffen Joseph
|
Batting: RHB Danny Eberhart
|
0-0: Called Strike 0-1: Called Strike 0-2: Foul Ball, location: 2F 0-2: Strikes out swinging
|
Batting: LHB Emmanuel Gaskin
|
0-0: Ball 1-0: Ball 2-0: Ball 3-0: Called Strike 3-1: Fly out, F5 (Popup, 5F, EV 59.4 MPH)
|
Batting: RHB Greg Harman
|
0-0: Called Strike 0-1: Ball 1-1: Ball 2-1: Ball 3-1: Base on Balls
|
Batting: LHB Morgan Black
|
0-0: Ground out 4-3 (Groundball, 4, EV 82.5 MPH)
|
Bottom of the 6th over - 0 runs, 0 hits, 0 errors, 1 left on base; Minnesota 0 - Detroit 6 |
TOP OF THE 7TH |
Minnesota Twins batting - Pitching for Detroit Tigers : RHP Constantino Chamisso
|
Batting: RHB Matthew Starr
|
0-0: Ball 1-0: Called Strike 1-1: Foul Ball, location: 2F 1-2: Ground out U3 (Groundball, 34, EV 86.9 MPH)
|
Batting: RHB José Molina
|
0-0: Called Strike 0-1: Ball 1-1: Ball 2-1: SINGLE (Groundball, 4D, EV 95.0 MPH)
|
Pitching: RHP Jason Williams
|
|
Batting: RHB Väinö Tapaninen
|
0-0: Ball José Molina steals 2nd base (no throw) 1-0: Swinging Strike 1-1: Swinging Strike 1-2: Strikes out swinging, 2-3 out at first.
|
Batting: RHB Yonetoshi Muranaka
|
0-0: Fly out, F9 (Line Drive, 9, EV 93.1 MPH)
|
Top of the 7th over - 0 runs, 1 hit, 0 errors, 1 left on base; Minnesota 0 - Detroit 6 |
BOTTOM OF THE 7TH |
Detroit Tigers batting - Pitching for Minnesota Twins : RHP Steffen Joseph
|
Batting: RHB Randy Shrewsbury
|
0-0: Called Strike 0-1: Ball 1-1: Swinging Strike 1-2: Ball 2-2: Strikes out looking
|
Batting: LHB Tyler Davis
|
0-0: Called Strike 0-1: Foul Ball, location: 2F 0-2: Ball 1-2: Ball 2-2: Foul Ball, location: 2F 2-2: Foul Ball, location: 2F 2-2: Ball 3-2: Base on Balls
|
Pitching: RHP T.J. Hirst
|
|
Batting: RHB Victor Quinones
|
0-0: Called Strike 0-1: Called Strike 0-2: Foul Ball, location: 2F 0-2: Foul Ball, location: 2F 0-2: Grounds into double play, 5-4-3 (Groundball, 56S, EV 86.3 MPH)
|
Bottom of the 7th over - 0 runs, 0 hits, 0 errors, 0 left on base; Minnesota 0 - Detroit 6 |
TOP OF THE 8TH |
Minnesota Twins batting - Pitching for Detroit Tigers : RHP Jason Williams
|
Batting: LHB Peer Derks
|
0-0: Foul Ball, location: 2F 0-1: Hit by Pitch
|
Batting: RHB Jesse Scott
|
0-0: Swinging Strike 0-1: SINGLE (Groundball, 6MD, EV 77.5 MPH) (infield hit) Peer Derks to second
|
Batting: LHB Joel Kunkler
|
0-0: Called Strike 0-1: Fly out, F8 (Line Drive, 8LM, EV 89.4 MPH) Runner from 2nd tags up, OUT at 3rd! 8-5
|
Batting: RHB Jesus Chavez
|
0-0: Fly out, F9 (Flyball, 89M, EV 92.5 MPH)
|
Top of the 8th over - 0 runs, 1 hit, 0 errors, 1 left on base; Minnesota 0 - Detroit 6 |
BOTTOM OF THE 8TH |
Detroit Tigers batting - Pitching for Minnesota Twins : RHP T.J. Hirst
|
Batting: RHB Luke Feeney
|
0-0: Ball 1-0: SINGLE (Flyball, 9LS, EV 93.8 MPH)
|
Batting: RHB Adrian Novakovic
|
0-0: Called Strike 0-1: Ball 1-1: Called Strike 1-2: Strikes out swinging
|
Batting: RHB Danny Eberhart
|
0-0: Called Strike 0-1: Ball 1-1: Ball 2-1: Foul Ball, location: 2F 2-2: Ball 3-2: Ground out 5-3 (Groundball, 56S, EV 92.5 MPH) Luke Feeney to second
|
Batting: LHB Emmanuel Gaskin
|
0-0: Ball 1-0: Ball 2-0: Called Strike 2-1: Called Strike 2-2: Foul Ball, location: 2F 2-2: SINGLE (Line Drive, 9S, EV 110.0 MPH) Luke Feeney to third Runner from 3rd tries for Home, SAFE, throw by RF to home Emmanuel Gaskin to second
|
Pinch Hitting: RHB Andres de Leon
|
0-0: Ball 1-0: Fly out, F7 (Flyball, 78S, EV 88.8 MPH)
|
Bottom of the 8th over - 1 run, 2 hits, 0 errors, 1 left on base; Minnesota 0 - Detroit 7 |
TOP OF THE 9TH |
Minnesota Twins batting - Pitching for Detroit Tigers : RHP Jason Williams
|
Now at 1B: Dave Reynolds
|
|
Pinch Hitting: RHB Josh Zoglmann
|
0-0: Swinging Strike 0-1: Ball 1-1: Ball 2-1: Ball 3-1: Swinging Strike 3-2: Ground out 4-3 (Groundball, 4, EV 100.6 MPH)
|
Batting: RHB Matthew Starr
|
0-0: Swinging Strike 0-1: Swinging Strike 0-2: Ball 1-2: Foul Ball, location: 2F 1-2: Strikes out looking
|
Batting: RHB José Molina
|
0-0: Called Strike 0-1: Swinging Strike 0-2: Foul Ball, location: 2F 0-2: Ball 1-2: Strikes out swinging
|
Top of the 9th over - 0 runs, 0 hits, 0 errors, 0 left on base; Minnesota 0 - Detroit 7 |
|